 Seeded DCSS version 0.30.1-9-gdf580d7c3d (webtiles) character file.

Game seed: 7229806256980976716 (custom seed)

1 Psyclone the Conjurer (level 1, 6/10 HPs)
             Began as a Deep Elf Conjurer on Sept 28, 2023.
             Quit the game on level 1 of the Dungeon.
             The game lasted 00:00:47 (122 turns).

Psyclone the Conjurer (Deep Elf Conjurer)            Turns: 122, Time: 00:00:48

Health: 6/10       AC:  2    Str:  0    XL:     1   Next: 16%
Magic:  6/6        EV: 12    Int: 22    God:
Gold:   0          SH:  0    Dex: 13    Spells: 5/6 levels left

rFire   . . .        e - +9 quick blade of Moral Flaws {elec, +Blink rElec Str-4 SInv}
rCold   . . .        (no shield)
rNeg    . . .        a - +0 robe
rPois   .            (no helmet)
rElec   +            (no cloak)
rCorr   .            (no gloves)
SInv    +            (no boots)
Will    .....        (no amulet)
Stlth   ++           (no ring)
HPRegen 0.21/turn    (no ring)
MPRegen 0.10/turn

%: no passive effects
@: slowed, lost strength, very slow
A: no striking features
a: Evoke Blink


You were on level 1 of the Dungeon.
You visited 1 branch of the dungeon, and saw 1 of its levels.

Inventory:

Hand Weapons
 e - the +9 quick blade of Moral Flaws (weapon) {elec, +Blink rElec Str-4 SInv}
   (You acquired it on level 1 of the Dungeon)

   Str:       It affects your strength (-4).
   rElec:     It insulates you from electricity.
   SInv:      It lets you see invisible.
   +Blink:    It lets you blink.
Armour
 a - a +0 robe (worn)
Scrolls
 c - 2 scrolls of amnesia {unknown}
 d - a scroll of acquirement
Potions
 b - a potion of magic


   Skills:
 + Level 2.4 Dodging
 + Level 2.4 Stealth
 + Level 3.0 Spellcasting
 + Level 4.4 Conjurations


You had 5 spell levels left.
You knew the following spells:

 Your Spells              Type           Power      Damage    Failure   Level
a - Magic Dart            Conj           88%        1d7       1%          1

Your spell library contained the following spells:

 Spells                   Type           Power      Damage    Failure   Level
 Searing Ray              Conj           44%        2d6       3%          2
 Dazzling Flash           Conj/Hex       26%        N/A       16%         3
 Fulminant Prism          Conj/Hex       6%         3d6       45%         4
 Iskenderun's Mystic Bla  Conj/Tloc      13%        2d5       45%         4


Dungeon Overview and Level Annotations

Branches:
Dungeon (1/15) Zot: 5865

Altars:


Message History

Welcome, Psyclone the Deep Elf Conjurer.
Game seed: 7229806256980976716 (custom seed) Press ? for a list of commands and other information.
Found a faded altar of an unknown god.
Found two stairs.
You open the door.
There is an open door here.
Found 17 gold pieces.
Found 2 scrolls labelled FUSKUR VIKLOEP.
c - 2 scrolls labelled FUSKUR VIKLOEP A quokka comes into view.
Found 3 scrolls labelled RAGIOR NADERHA.
Found 3 stones.
d - 3 scrolls labelled RAGIOR NADERHA This is a scroll of acquirement!
Something appears at your feet! Something appears at your feet!
Unknown command.
Wielding this item will reduce your strength to zero or below.
Continue? [Y]es or [N]o only, please.
Wielding this item will reduce your strength to zero or below.
Continue?
You feel weaker.
You have lost your strength.
You hear the crackle of electricity.
e - the +9 quick blade of Moral Flaws (weapon)
{elec, +Blink rElec Str-4 SInv} You can move again.
The quokka bites you.
Ouch! That really hurt!
You take 5 damage, and have 5/10 hp.
MASSIVE DAMAGE!!
You hit the quokka but do no damage. Lightning courses through the quokka!
You kill the quokka!
Are you sure you want to abandon this character and quit the game? (Confirm with "yes".)

#.#.#.###..#
⌠.P.P.⌠##.##
.......###.##
...<...####.##
#########..#.#
♣..>..♣###..##
.......###.##
♣.⌠_⌠.♣##..############.
###⌠#####.......@.......
###########.############
#.# #.# #.# ##########.#
#..........#
#.########## ##.#


There were no monsters in sight!

Vanquished Creatures
  A quokka (D:1)
1 creature vanquished.

Notes
Turn   | Place    | Note
-------+----------+-------------------------------------------
     0 | D:1      | Psyclone the Deep Elf Conjurer began the quest for the Orb.
     0 | D:1      | Reached XP level 1. HP: 10/10 MP: 6/6
    69 | D:1      | Identified 3 scrolls of acquirement
    69 | D:1      | Acquired the +9 quick blade of Moral Flaws {elec, +Blink
                  | rElec Str-4 SInv}
    89 | D:1      | Acquired a +1 pair of boots of stealth
    90 | D:1      | Lost strength.
   122 | D:1      | Quit the game

Illustrated notes

Levels and vault maps discovered:
D:1:      spicycebolla_arrival_ecumenical, layout_loops_ring

Action                     || total
---------------------------++-------
  Melee: Quick blade       ||     1
    Use: Scroll            ||     2
